 Dungeon Crawl Stone Soup version 0.23-a0-183-gf37f6fb (webtiles) character file.

159 RoseArtemis the Conjurer (level 5, -2/38 HPs)
             Began as a Mummy Conjurer on Sept 21, 2018.
             Killed from afar by an orc wizard (12 damage)
             ... with a puff of flame
             ... on level 3 of the Dungeon.
             The game lasted 00:14:12 (4115 turns).

RoseArtemis the Conjurer (Mummy Conjurer)           Turns: 4115, Time: 00:14:13

Health: -2/38      AC:  2    Str: 11    XL:     5   Next: 17%
Magic:  1/11       EV: 12    Int: 15    God:
Gold:   202        SH:  0    Dex: 13    Spells: 6/12 levels left

rFire    x . .     SeeInvis .   d - +0 dagger
rCold    + . .     Gourm    .   (no shield)
rNeg     + + +     Faith    .   a - +0 robe
rPois    ∞         Spirit   .   (no helmet)
rElec    .         Reflect  .   (no cloak)
rCorr    .         Harm     .   (no gloves)
MR       .....                  (no boots)
Stlth    ++........             (no amulet)
HPRegen  0.12/turn              (no ring)
MPRegen  0.12/turn              (no ring)

@: very slightly contaminated
A: no food or potions, fire vulnerability, cold resistance 1, negative energy
resistance 3, torment resistance, unbreathing
a: no special abilities


You were on level 3 of the Dungeon.
You were not hungry.

You visited 1 branch of the dungeon, and saw 3 of its levels.

You collected 202 gold pieces.

Inventory:

Hand Weapons
 d - a +0 dagger (weapon)
Armour
 a - a +0 robe (worn)
Jewellery
 b - an uncursed ring of wizardry {unknown}
 c - an uncursed ring of protection from fire {unknown}
 h - a cursed ring of teleportation {unknown}
 i - an uncursed ring of fire {unknown}
Scrolls
 e - a scroll of identify {unknown}
 f - a scroll of enchant weapon {unknown}
 g - a scroll of enchant armour {unknown}


   Skills:
 + Level 2.2 Fighting
 - Level 1.5 Dodging
 - Level 1.5 Stealth
 + Level 4.0 Spellcasting
 * Level 4.4 Conjurations


You had 6 spell levels left.
You knew the following spells:

 Your Spells              Type           Power        Failure   Level  Hunger
a - Magic Dart            Conj           ###.         3%          1    N/A
b - Searing Ray           Conj           ###...       4%          2    N/A
c - Dazzling Spray        Conj/Hex       #.....       22%         3    N/A

Your spell library contained the following spells:

 Spells                   Type           Power        Failure   Level  Hunger
 Iskenderun's Mystic Bla  Conj           ###.....     28%         4    N/A
 Force Lance              Conj/Tloc      #.......     58%         4    N/A
 Fulminant Prism          Conj/Hex       #.........   58%         4    N/A

Dungeon Overview and Level Annotations

Branches:
Dungeon (3/15)

Altars:
Xom


Innate Abilities, Weirdness & Mutations

You do not eat or drink.
Your flesh is vulnerable to fire.
You are immune to poison.
Your flesh is cold resistant. (rC+)
You are immune to negative energy. (rN+++)
You are immune to unholy pain and torment.
You can survive without breathing.


Message History

Casting: Magic Dart (safe; 3% risk of failure)
Confirm with . or Enter, or press ? or * to list all spells.
Aiming: Magic Dart (safe; 3% risk of failure)
Press: ? - help, Shift-Dir - straight line, p - adder The magic dart hits something.
The adder closely misses you. Something hits you.
Casting: Magic Dart (safe; 3% risk of failure)
Confirm with . or Enter, or press ? or * to list all spells.
You don't have enough magic to cast that spell.
You hear some strange, mumbled words.
A magic dart appears from out of thin air!
The magic dart hits you!
You closely miss something. The adder bites you. Something hits you.
The adder bites you.
* * * LOW HITPOINT WARNING * * *
You miss the adder. The adder closely misses you.
You hear some strange, mumbled words.
A puff of flame appears from out of thin air!
The puff of flame hits you! The fire burns you terribly!
You die...

###.######.......# ##.##..
#>......######...# #.##.#
#.#.###.# #...# #.##.. #.#.#
#.# #†..####..... ###### #)#.#
#[# #.........#.# .....# #.#.#
#.######...#####....
.....###...#
#................###
..........## #..S{............#
#
.....####.####..@....÷........#
# .....#
#....########[..#####....
###### ####.# #.........#.# #.#
#...##### #. #.# #...# # # #.#
#...# #.# #...# #.# #..>#
)#######.# ...##


You could see an adder.

Vanquished Creatures
  A gnoll (D:1)
  7 adders
  4 worms
  A dart slug (D:1)
  A leopard gecko (D:1)
  3 orcs
  A giant cockroach (D:1)
  7 goblins
  8 hobgoblins
  13 jackals
  2 bats
  2 frilled lizards
  8 kobolds
  12 rats
70 creatures vanquished.

Notes
Turn   | Place    | Note
-------+----------+-------------------------------------------
     0 | D:1      | RoseArtemis the Mummy Conjurer began the quest for the Orb.
     0 | D:1      | Reached XP level 1. HP: 13/13 MP: 4/4
   323 | D:1      | Reached XP level 2. HP: 20/20 MP: 1/5
   682 | D:1      | Found a glowing golden altar of the Shining One.
   686 | D:1      | Reached skill level 1 in Fighting
   713 | D:1      | Found a bloodstained altar of Trog.
   713 | D:1      | Found an ancient bone altar of Kikubaaqudgha.
   715 | D:1      | Found a burning altar of Makhleb.
   715 | D:1      | Found a bloodstained altar of Trog.
   715 | D:1      | Found a shimmering altar of Xom.
   777 | D:1      | Reached XP level 3. HP: 26/26 MP: 0/7
  1345 | D:2      | Learned a level 3 spell: Dazzling Spray
  1715 | D:2      | HP: 1/26 [worm (7)]
  2643 | D:2      | Learned a level 2 spell: Searing Ray
  2647 | D:2      | Reached XP level 4. HP: 32/32 MP: 4/9
  3832 | D:3      | Reached XP level 5. HP: 38/38 MP: 5/10
  4115 | D:3      | Killed from afar by an orc wizard

Vault maps used:
D:1:      dpeg_arrival_lava_altar, doesnt_xom_only_xom
D:2:      first_ration
D:3:      kennysheep_crisscross, st_stairs_12, hangedman_decor_peaks_small

Skill      XL: |  1  2  3  4  5 |
---------------+----------------+-----
Spellcasting   | 3 4 |  4.0
Fighting       | 1 2 |  2.2
Conjurations   | 4 |  4.4
Dodging        | |  1.5
Stealth        | |  1.5

Action                   |  1- 3 |  4- 6 || total
-------------------------+-------+-------++-------
Melee: Dagger            |    82 |    39 ||   121
       Unarmed           |     1 |       ||     1
 Cast: Magic Dart        |    93 |    88 ||   181
       Dazzling Spray    |     2 |       ||     2
       Searing Ray       |       |     2 ||     2
Armor: Robe              |    11 |    17 ||    28
Dodge: Dodged            |    49 |    53 ||   102

Table legend:
 A = Non-vault XP
 B = Vault XP
 C = Vault XP percentage of total XP
 D = Non-vault monster count
 E = Vault monster count
 F = Vault count percentage of total count
                 A         B        C        D         E       F
            +---------+---------+-------+---------+---------+-------
      Total |     222 |       6 |   2.6 |      68 |       2 |   2.9
            +---------+---------+-------+---------+---------+-------
        D:1 |      55 |       0 |   0.0 |      23 |       0 |   0.0
        D:2 |     115 |       0 |   0.0 |      29 |       0 |   0.0
        D:3 |      52 |       6 |  10.3 |      16 |       2 |  11.1
            +---------+---------+-------+---------+---------+-------
